 Dungeon Crawl Stone Soup version 0.31-a0-233-g139696dc86 (webtiles) character file.

Game seed: 6485158177179579821

52 qw the Shooter (level 3, -3/29 HPs)
             Began as a Minotaur Hexslinger on July 9, 2023.
             Succumbed to Sigmund's poison
             ... on level 2 of the Dungeon.
             The game lasted 00:00:31 (1196 turns).

qw the Shooter (Minotaur Hexslinger)                Turns: 1196, Time: 00:00:32

Health: -3/29      AC:  6    Str: 12    XL:     3   Next: 60%
Magic:  3/3        EV: 11    Int: 10    God:
Gold:   65         SH:  0    Dex: 14    Spells: 3/4 levels left

rFire   . . .        Y - +1 sling
rCold   . . .        (no shield)
rNeg    . . .        i - +0 ring mail
rPois   .            (helmet restricted)
rElec   .            (no cloak)
rCorr   .            c - +0 pair of gloves
SInv    .            (no boots)
Will    +....        (no amulet)
Stlth   +            a - ring of willpower
HPRegen 0.24/turn    (no ring)
MPRegen 0.08/turn

%: no passive effects
@: lethally poisoned (-3 -> -22), invisible
A: horns 2, retaliatory headbutt
a: no special abilities


You were on level 2 of the Dungeon.
You visited 1 branch of the dungeon, and saw 3 of its levels.

You collected 65 gold pieces.


Innate Abilities, Weirdness & Mutations

You have a pair of horns on your head.
You reflexively headbutt those who attack you in melee.


   Skills:
 - Level 2.0 Fighting
 - Level 4.1 Ranged Weapons
 + Level 0.4 Armour
 - Level 2.1 Dodging
 - Level 1.0 Spellcasting
 - Level 2.0 Hexes


You had 3 spell levels left.
You knew the following spells:

 Your Spells              Type           Power      Damage    Failure   Level
a - Slow                  Hex            16%        N/A       34%         1

Your spell library contained the following spells:

 Spells                   Type           Power      Damage    Failure   Level
 Inner Flame              Hex/Fire       2%         N/A       83%         3
 Portal Projectile        Hex/Tloc       4%         N/A       83%         3
 Cause Fear               Hex            2%         N/A       98%         4

Inventory:

Hand Weapons
 Y - a +1 sling (weapon)
Armour
 c - a +0 pair of gloves (worn)
 i - a +0 ring mail (worn)
Jewellery
 a - a ring of willpower (left hand)
Potions
 b - a potion of heal wounds {unknown}
 d - a potion of mutation {unknown}
 f - a potion of curing {unknown}
 g - a potion of magic {unknown}

Dungeon Overview and Level Annotations

Branches:
Dungeon (3/15)

Altars:

Shops:
D:1 !

Annotations:
D:2 Sigmund


Message History

The sling bullet hits Sigmund but does no damage.
Sigmund is lightly wounded.
You shoot a sling bullet. The sling bullet hits Sigmund.
Sigmund is moderately wounded.
You shoot a sling bullet.
Sigmund shouts!
The sling bullet hits Sigmund.
Sigmund is moderately wounded.
Sigmund hits you with a +0 scythe of venom!
You are lethally poisoned!
1192 ||| STAIRDANCE You feel very sick.
You climb upwards.
You feel very sick.
There is a stone staircase leading down here.
Enter note:
Enter note:
Enter note:
Enter note:
Enter note:
Enter note:
Enter note:
Enter note:
Enter note: You shoot a sling bullet.
The sling bullet closely misses Sigmund.
You feel very sick.
Sigmund hits you with a +0 scythe of venom.
You are more poisoned.
You shoot a sling bullet. The sling bullet hits Sigmund.
Sigmund is heavily wounded.
You feel very sick.
Sigmund says, "Don't worry, I'll kill you fast."
Sigmund mumbles some strange words.
Sigmund flickers and vanishes!
Deactivating autopickup; reactivate with Ctrl-A.
Something hits you but does no damage.
You are more poisoned.
You shoot a sling bullet.
You die...

###########..............#.#
.....# ##..####<###.###.#
.....# #...# ### #.....#
.....# ##..### #####.#
#############....#### #..# #
##........~~~..#####.## #
#....~~~~~~......[...# #
#..~~~~..~..{.....#### #
##~~~.##...@......# #
##~#.##..........# #
#.##.##...######## #
#....##.#.# # #.#######.###
# #....##.....# #
###.###.#:#.# # #.###.#.#.#
#...#.#.#.#


There were no monsters in sight!

Vanquished Creatures
  2 adders (D:2)
  A dart slug (D:1)
  2 ball pythons (D:1)
  A bat (D:2)
  2 endoplasms
  3 goblins
  5 hobgoblins
  3 jackals (D:2)
  A quokka (D:1)
  2 frilled lizards (D:1)
  3 kobolds
  6 rats
31 creatures vanquished.

Notes
Turn   | Place    | Note
-------+----------+-------------------------------------------
     0 | D:1      | qw the Minotaur Hexslinger began the quest for the Orb.
     0 | D:1      | Reached XP level 1. HP: 16/16 MP: 1/1
     0 | D:1      | 0 ||| qw: Version: 0.3-a-51-g015441d
     0 | D:1      | 0 ||| qw: Game counter: 3993
     0 | D:1      | 0 ||| qw: Melee chars always use a shield: true
     0 | D:1      | 0 ||| qw: God list: Okawaru
     0 | D:1      | 0 ||| qw: Allow faded altars: false
     0 | D:1      | 0 ||| qw: Do Orc after clearing Dungeon:15 true
     0 | D:1      | 0 ||| qw: Do second Lair branch before Depths: true
     0 | D:1      | 0 ||| qw: Lair rune preference: random
     0 | D:1      | 0 ||| qw: Goals: Normal
     0 | D:1      | 0 ||| PLANNING D:1-11
   157 | D:1      | Reached skill level 3 in Ranged Weapons
   157 | D:1      | Reached XP level 2. HP: 23/23 MP: 2/2
   282 | D:1      | Found Buarucamp's Distillery.
   291 | D:1      | 291 ||| SHOPLISTING 2 potions of curing (66 gold, have 19).
   291 | D:1      | 291 ||| SHOPLISTING 2 potions of heal wounds (110 gold,
                  | have 19).
   291 | D:1      | 291 ||| SHOPLISTING 2 potions of might (88 gold, have 19).
   291 | D:1      | 291 ||| SHOPLISTING potion of cancellation (88 gold, have
                  | 19).
   291 | D:1      | 291 ||| SHOPLISTING potion of haste (110 gold, have 19).
   291 | D:1      | 291 ||| SHOPLISTING potion of heal wounds (55 gold, have
                  | 19).
   291 | D:1      | 291 ||| SHOPLISTING potion of mutation (88 gold, have 19).
   362 | D:1      | 362 ||| UPGRADING to +0 leather armour.
   372 | D:1      | 372 ||| DROPPING +0 robe.
   373 | D:1      | 373 ||| UPGRADING to +0 ring mail.
   383 | D:1      | 383 ||| DROPPING +0 leather armour.
   384 | D:1      | 384 ||| DROPPING amulet of magic regeneration.
   385 | D:1      | 385 ||| READING scroll labelled GOQIRIUSOZEET.
   385 | D:1      | Identified a scroll of acquirement
   385 | D:1      | 385 ||| ACQUIRING ring of willpower
   385 | D:1      | Acquired a ring of willpower
   387 | D:1      | 387 ||| UPGRADING to ring of willpower.
   388 | D:1      | 388 ||| READING scroll labelled ISUG OGAFROVAOQ.
   391 | D:1      | 391 ||| READING scroll labelled ISINIC UBUDAO.
   392 | D:1      | 392 ||| READING scroll labelled KAUJ VASEIS.
   393 | D:1      | 393 ||| READING scroll labelled XOFIWI PAZXUVY.
   394 | D:1      | 394 ||| READING scroll labelled VYHIREOSHRO.
   395 | D:1      | 395 ||| DRINKING 2 green potions.
   396 | D:1      | 396 ||| DROPPING scroll of poison.
   397 | D:1      | 397 ||| DROPPING potion of attraction.
   417 | D:2      | 417 ||| STAIRDANCE
   580 | D:2      | Reached XP level 3. HP: 29/29 MP: 3/3
   810 | D:2      | Reached skill level 4 in Ranged Weapons
  1115 | D:2      | 1115 ||| UPGRADING to +0 pair of gloves.
  1120 | D:2      | 1120 ||| DROPPING ring of magical power.
  1121 | D:2      | 1121 ||| READING scroll labelled LURIAQ KUR DIZ.
  1172 | D:2      | 1172 ||| DRINKING 3 brown potions.
  1173 | D:2      | 1173 ||| DROPPING 2 potions of invisibility.
  1187 | D:3      | Noticed Sigmund
  1192 | D:3      | 1192 ||| STAIRDANCE
  1194 | D:2      | HP: 7/29 [poisoned by Sigmund]
  1195 | D:2      | HP: 3/29 [poisoned by Sigmund]
  1196 | D:2      | Succumbed to Sigmund's poison

Levels and vault maps discovered:
D:1:      dpeg_arrival_ratfight, layout_rooms, serial_shops,
          nicolae_lakefront_shop
D:2:      layout_basic, nicolae_concentric_dashed_squares_wild,
          chequers_serial_rivers_small_a
D:3:      cheibrodos_pilgrimage, layout_rooms, serial_co_window_serial,
          co_window_cross_1, co_window_paths_a, co_window_corner_a,
          co_window_paths_a, co_window_paths_a, co_window_broadway_a,
          co_window_of_opportunity_c, co_window_2corner, co_window_broadway_c,
          co_window_unsneaky_path_d, co_window_2corner, co_window_corner_ca,
          co_window_paths_e, uniq_sigmund

Skill      XL: |  1  2  3 |
---------------+----------+-----
Ranged Weapons | 3 4 |  4.1
Fighting       | 2 |  2.0
Armour         | |  0.4
Dodging        | |  2.1
Spellcasting   | |  1.0
Hexes          | |  2.0

Action                     || total
---------------------------++-------
   Fire: Sling             ||    83
    Use: Scroll            ||     7
         Potion            ||     2
 Armour: Robe              ||     1
         Ring mail         ||    21
  Dodge: Dodged            ||    19

Table legend:
 A = Non-vault XP
 B = Vault XP
 C = Vault XP percentage of total XP
 D = Non-vault monster count
 E = Vault monster count
 F = Vault count percentage of total count
                 A         B        C        D         E       F
            +---------+---------+-------+---------+---------+-------
      Total |      70 |       5 |   6.7 |      26 |       5 |  16.1
            +---------+---------+-------+---------+---------+-------
        D:1 |      20 |       5 |  20.0 |      11 |       5 |  31.2
        D:2 |      50 |       0 |   0.0 |      15 |       0 |   0.0
            +---------+---------+-------+---------+---------+-------
